 Dungeon Crawl Stone Soup version 0.28-a0-1616-g050a50673c (webtiles) character file.

Game seed: 6266351551103756039

72 issech the Cudgeller (level 4, -5/44 HPs)
             Began as a Troll Berserker on Jan 22, 2022.
             Was a Believer of Trog.
             Slain by a hornet zombie (7 damage)
             ... on level 3 of the Dungeon.
             The game lasted 00:06:22 (1773 turns).

issech the Cudgeller (Troll Berserker)              Turns: 1773, Time: 00:06:23

Health: -5/44      AC:  8    Str: 25    XL:     4   Next: 6%
Magic:  3/3        EV: 10    Int:  3    God:    Trog [**....]
Gold:   63         SH:  0    Dex: 11    Spells: 3/3 levels left

rFire   . . .      SeeInvis .   a - +0 mace
rCold   + . .      Faith    .   (no shield)
rNeg    . . .      Spirit   .   b - +0 animal skin
rPois   .          Reflect  .   (helmet restricted)
rElec   .          Harm     .   (no cloak)
rCorr   .          Rampage  .   (gloves unavailable)
Will    .....                   (boots unavailable)
Stlth   +.........              (no amulet)
HPRegen 0.94/turn               k - +4 ring of protection
MPRegen 0.08/turn               m - ring of protection from cold

@: no status effects
A: large, unfitting armour, claws 3, regeneration 1, shaggy fur 1, tough skin 1
a: Renounce Religion, Berserk, Trog's Hand


You were on level 3 of the Dungeon.
You worshipped Trog.
Trog was pleased with you.
You visited 1 branch of the dungeon, and saw 3 of its levels.

You collected 63 gold pieces.

Inventory:

Hand Weapons
 a - a +0 mace (weapon)
Missiles
 d - 73 stones (quivered)
 e - 6 atropa-tipped darts
Armour
 b - a +0 animal skin (worn)
Magical Staves
 n - a staff of cold
Jewellery
 k - a +4 ring of protection (left claw)
 m - a ring of protection from cold (right claw)
Scrolls
 c - a scroll of summoning
Potions
 f - a potion of cancellation
 g - a potion of mutation {unknown}
 o - a potion of curing


   Skills:
 + Level 2.7 Fighting
 + Level 3.5 Maces & Flails
 + Level 3.1 Dodging
 + Level 0.1 Stealth


You had 3 spell levels left.
You didn't know any spells.
Your spell library contained the following spells:

 Spells                   Type           Power      Damage    Failure   Level
 Call Canine Familiar     Summ           0%         N/A       88%         3
 Dazzling Flash           Conj/Hex       0%         N/A       88%         3
 Portal Projectile        Hex/Tloc       0%         N/A       88%         3
 Leda's Liquefaction      Hex/Erth       0%         N/A       99%         4
 Agony                    Necr           0%         N/A       100%        5
 Silence                  Hex/Air        0%         N/A       100%        5


Dungeon Overview and Level Annotations

Branches:
Dungeon (3/15)

Altars:
Gozag
Xom
The Shining One

Annotations:
D:3 2 transporters, mcsnuffy's ghost, amateur DsGl


Innate Abilities, Weirdness & Mutations

You are too large for most types of armour.
You have claws for hands.
Your natural rate of healing is unusually fast.
You are covered in fur. (AC +1)
You have tough skin. (AC +1)


Message History

The hornet zombie hits you but does no damage. x2
You hit the hornet zombie but do no damage.
The hornet zombie is moderately damaged.
The hornet zombie closely misses you. x2
You closely miss the hornet zombie.
The hornet zombie is moderately damaged.
The hornet zombie closely misses you.
You hit the hornet zombie but do no damage.
The hornet zombie is moderately damaged.
The hornet zombie closely misses you. The hornet zombie barely misses you.
You closely miss the hornet zombie.
The hornet zombie is moderately damaged.
The hornet zombie hits you.
You barely miss the hornet zombie.
The hornet zombie is moderately damaged.
The hornet zombie hits you! The hornet zombie barely misses you.
You sock the hornet zombie!
The hornet zombie is heavily damaged.
The hornet zombie hits you!
* * * LOW HITPOINT WARNING * * *
The hornet zombie barely misses you.
You see here a +0 ring mail.
The hornet zombie hits you.
* * * LOW HITPOINT WARNING * * *
Found an escape hatch in the floor.
The hornet zombie hits you.
* * * LOW HITPOINT WARNING * * *
You barely miss the hornet zombie.
The hornet zombie is heavily damaged.
The hornet zombie hits you.
* * * LOW HITPOINT WARNING * * *
You closely miss the hornet zombie.
The hornet zombie is heavily damaged.
The hornet zombie hits you!
* * * LOW HITPOINT WARNING * * *
The hornet zombie closely misses you. The hornet zombie hits you!
* * * LOW HITPOINT WARNING * * *
The hornet zombie hits you!
You die...

#.##...#.#.#
#...#
#...###.##.##
#.##.>.#.#.#
#...#
#.#........##
#........#.#
#...#
#...###......
####...###.#
#...# #####
#..####
...<.......##
#... #..#.<.
##..........# #.#
#......
#####.####.# #.#
##.#...
##.#....####(####
#.####
#...........@.>.#
#.....
#..#..#..##Z.##.#
######
#....[......#.#
#..#.....##..##
#..##.#..##..#
#............####
#...............#
########........#
#........#


You could see a hornet zombie.

Vanquished Creatures
  An adder (D:2)
  An orc (D:3)
  6 bats
  6 endoplasms
  4 giant cockroaches (D:2)
  3 goblins
  7 hobgoblins
  2 jackals (D:1)
  5 quokkas
  4 ball pythons
  2 frilled lizards (D:1)
  7 kobolds
  5 rats
53 creatures vanquished.

Notes
Turn   | Place    | Note
-------+----------+-------------------------------------------
     0 | D:1      | issech the Troll Berserker began the quest for the Orb.
     0 | D:1      | Reached XP level 1. HP: 22/22 MP: 0/0
   134 | D:1      | Reached XP level 2. HP: 29/29 MP: 1/1
   406 | D:1      | Found a faded altar of an unknown god.
   750 | D:2      | Reached ** piety under Trog
   751 | D:2      | Reached XP level 3. HP: 34/36 MP: 2/2
   778 | D:2      | Found a glowing golden altar of the Shining One.
  1379 | D:3      | Found a shimmering altar of Xom.
  1460 | D:3      | Found a transporter.
  1464 | D:3      | Noticed mcsnuffy's ghost (amateur DsGl)
  1514 | D:3      | Found an opulent altar of Gozag.
  1566 | D:3      | Found a transporter.
  1582 | D:3      | Reached XP level 4. HP: 44/44 MP: 3/3
  1772 | D:3      | HP: 1/44 [hornet zombie (7)]
  1773 | D:3      | Slain by a hornet zombie

Illustrated notes

Levels and vault maps discovered:
D:1:      nicolae_arrival_memento_mori, layout_basic,
          hellmonk_ecumenical_altar_arch_garden
D:2:      layout_rooms, basic_altar, grunt_ministairs_3
D:3:      layout_loops_cross, grunt_gozag_statues,
          mainiacjoe_overflow_six_doors_small, gammafunk_ghost_stat_death,
          uniq_terence

Skill      XL: |  1  2  3 |
---------------+----------+-----
Maces & Flails | 3 |  3.5
Dodging        | 3 |  3.1
Fighting       | |  2.7
Stealth        | |  0.1

Action                   |  1- 3 |  4- 6 || total
-------------------------+-------+-------++-------
Melee: Mace              |   158 |    23 ||   181
       Punch             |       |     2 ||     2
  Use: Scroll            |     7 |     2 ||     9
Armor: Animal skin       |   101 |    14 ||   115
Dodge: Dodged            |   141 |    13 ||   154

Table legend: (Time is in decaauts)
 A = Elapsed time spent in this place.
 B = Non-inter-level travel time spent in this place.
 C = Inter-level travel time spent in this place.
 D = Time resting spent in this place.
 E = Time spent auto-exploring this place.
 F = Levels seen in this place.
 G = Mean time per level.
                   A        B        C        D        E       F      G
               +--------+--------+--------+--------+--------+-----+--------+
         Total |   1816 |   1816 |      0 |    162 |    881 |   3 |  605.3 |
       Dungeon |   1816 |   1816 |      0 |    162 |    881 |   3 |  605.3 |
               +--------+--------+--------+--------+--------+-----+--------+

Top non-repeatable levels by time:
     D:1: 716 daAuts
     D:2: 672 daAuts
     D:3: 426 daAuts
